AoeStats
← a.l.a.n.t

Enclosed

505415505Analyzed
1v1 RM · 23d ago on Sep 9, 2026· 56m 52s· 2 players
Game mode
Random Map
Map size
Tiny (2 player)
Population
200
Speed
Normal
Resources
Standard
Victory
Conquest
Starting age
Dark Age
Ending age
Imperial Age
RankedLock teamsTeams togetherTeam positionsShared explorationLock speedFull tech treeHidden civsTurbo modeCheats
Victory
Defeat
1299
+14
🇬🇧 Magyars · United Kingdom
1248
-14
a.l.a.n.t
9:09 Loom
11:05 Feudal Age
13:03 Double-Bit Axe
16:36 Castle Age
16:21 Fletching
19:04 Bodkin Arrow
21:14 Husbandry
24:20 Padded Archer Armor
31:43 Thumb Ring
32:57 Gold Mining
33:35 Bloodlines
35:09 Bow Saw
44:10 Imperial Age
42:17 Wheelbarrow
43:22 Scale Barding Armor
44:15 Heavy Cavalry Archer
46:17 Chemistry
46:13 Bracer
47:34 Recurve Bow
47:47 Horse Collar
53:35 Parthian Tactics
53:24 Cavalier
54:28 Chain Barding Armor
大刀向鬼子头上砍去
7:03 Loom
9:39 Feudal Age
10:40 Double-Bit Axe
11:37 Forging
11:55 Scale Barding Armor
16:39 Fletching
18:37 Wheelbarrow
23:42 Castle Age
21:40 Horse Collar
24:08 Bloodlines
23:51 Town Watch
23:51 Light Cavalry
24:34 Husbandry
25:51 Chain Barding Armor
28:47 Hand Cart
28:49 Bow Saw
33:21 Iron Casting
33:43 Gold Mining
34:34 Stone Mining
34:47 Heavy Plow
37:57 Gold Shaft Mining
38:05 Town Patrol
39:57 Stone Shaft Mining
43:10 Imperial Age
41:22 Bodkin Arrow
45:09 Blast Furnace
44:37 Bracer
44:32 Hussar
46:37 Conscription
46:19 Padded Archer Armor
47:23 Chemistry
46:44 Ballistics
47:17 Elite Mangudai
49:14 Thumb Ring
49:35 Parthian Tactics
50:57 Masonry
54:35 Siege Engineers
54:26 Murder Holes
Connection lost

Rejoining the realm…

Still unreachable

The connection could not be restored.

Session expired

The server has moved on; the page needs a fresh start.